 Dungeon Crawl Stone Soup version 0.26.0-15-gc6cd9f700b (webtiles) character file.

Game seed: 17601530467729259539

21439 ythm the Brawler (level 12, -12/113 HPs)
             Began as a Troll Hunter on Jan 15, 2021.
             Mangled by a seven-headed hydra (13 damage)
             ... on level 11 of the Dungeon.
             The game lasted 00:18:34 (11401 turns).

ythm the Brawler (Troll Hunter)                    Turns: 11401, Time: 00:18:35

Health: -12/113    AC: 11    Str: 23    XL:     12   Next: 54%
Magic:  11/11      EV: 11    Int:  7    God:
Gold:   754        SH:  0    Dex: 20    Spells: 11/11 levels left

rFire    . . .     SeeInvis .     - Unarmed
rCold    . . .     Faith    .   (no shield)
rNeg     . . .     Spirit   .   H - +1 steam dragon scales
rPois    .         Reflect  .   (helmet restricted)
rElec    .         Harm     .   J - +0 cloak
rCorr    .         Rampage  .   (gloves unavailable)
Will     +....                  (boots unavailable)
Stlth    ++........             (no amulet)
HPRegen  0.68/turn              u - ring of willpower
MPRegen  0.12/turn              E - +6 ring of dexterity

@: no status effects
A: large, unfitting armour, claws 3, regeneration 1, shaggy fur 1, tough skin 3
a: no special abilities


You were on level 11 of the Dungeon.
You visited 2 branches of the dungeon, and saw 12 of its levels.

You collected 939 gold pieces.
You spent 185 gold pieces at shops.

Inventory:

Hand Weapons
 p - the +5 falchion "Ozucen" {vorpal, rPois Str+2 Int+4 Dex+2}
   (You found it on level 9 of the Dungeon)

   It inflicts extra damage upon your enemies.
   It affects your strength (+2).
   It affects your intelligence (+4).
   It affects your dexterity (+2).
   It protects you from poison.
 A - a +1 dagger of venom
 K - the +6 quarterstaff of the Mosquito {elec, Stlth+}
   (You took it off a wight on level 9 of the Dungeon)

   Occasionally, upon striking a foe, it can discharge electrical energy and
   cause terrible harm.
   It makes you more stealthy.
Missiles
 c - 2 large rocks (quivered)
 d - 2 throwing nets
 j - 10 curare-tipped darts
 k - 39 poisoned darts
Armour
 H - +1 steam dragon scales (worn)
 J - a +0 cloak (worn)
Jewellery
 u - a ring of willpower (left claw)
 z - an uncursed ring of magical power
 B - a +6 ring of strength
 C - an uncursed ring of wizardry
 E - a +6 ring of dexterity (right claw)
Wands
 a - a wand of digging (4)
 n - a wand of iceblast (5)
 y - a wand of random effects (49)
 G - a wand of paralysis (12)
 M - a wand of enslavement (7)
Scrolls
 g - 3 scrolls of enchant weapon
 h - 2 scrolls of immolation
 i - 9 scrolls of remove curse
 l - 4 scrolls of amnesia
 q - a scroll of fog
 r - a scroll of magic mapping
 s - 3 scrolls of teleportation
 v - a scroll of blinking
 x - 3 scrolls of enchant armour
Potions
 b - a potion of heal wounds
 e - a potion of haste
 f - 4 potions of curing
 m - 2 potions of ambrosia {unknown}
 o - 4 potions of flight
 t - 5 potions of lignification
 w - 2 potions of might
 D - 3 potions of magic
 I - a potion of mutation
 P - a potion of invisibility
Miscellaneous
 N - a phantom mirror


   Skills:
 + Level 5.9 Fighting
 - Level 9.0 Throwing
 + Level 1.0 Armour
 + Level 2.0 Dodging
 - Level 1.0 Stealth
 * Level 16.6 Unarmed Combat


You had 11 spell levels left.
You didn't know any spells.
Your spell library contained the following spells:

 Spells                   Type           Power        Failure   Level
 Beastly Appendage        Tmut           0%           43%         1
 Wereblood                Tmut           0%           56%         2
 Spider Form              Tmut/Pois      0%           80%         3
 Ice Form                 Ice/Tmut       0%           99%         4
 Blade Hands              Tmut           0%           100%        5


Dungeon Overview and Level Annotations

Branches:
Dungeon (11/15)            Temple (1/1) D:4            Lair (0/6) D:10
    Orc (0/2) D:10

Altars:
Ashenzari
Cheibriados
Dithmenos
Elyvilon
Fedhas
Gozag
Hepliaklqana
Kikubaaqudgha
Makhleb
Nemelex Xobeh
Okawaru
Qazlal
Ru
Sif Muna
Trog
Uskayaw
Vehumet
Wu Jian
Xom
Yredelemnul
Zin
The Shining One

Shops:
D:6 *   D:11 *

Annotations:
D:7 exclusion: door


Innate Abilities, Weirdness & Mutations

You are too large for most types of armour.
You have claws for hands.
Your natural rate of healing is unusually fast.
You are covered in fur. (AC +1)
You have extremely tough skin. (AC +3)


Message History

* * * LOW HITPOINT WARNING * * *
The seven-headed hydra misses you.
You hear a bellow!
Unknown command.
Unknown command.
Unknown command.
You hear a bellow!
A yak comes into view. 2 yaks come into view.
A yak comes into view.
There is a stone staircase leading up here.
The bullfrog misses you. The seven-headed hydra bites you!
* * * LOW HITPOINT WARNING * * *
The seven-headed hydra barely misses you.
The seven-headed hydra bites you!
* * * LOW HITPOINT WARNING * * *
The seven-headed hydra barely misses you.
The seven-headed hydra bites you but does no damage.
The seven-headed hydra closely misses you.
The seven-headed hydra bites you!
You die...

.....+...+......#
.†..##...# .....# ...
###......# #..... ...
###...######..####...
.................>.# ##
###...#.∩....†.##.# ...
#...#........##^## #...
#...#........#...#.....
#...#.....#..#@FY#.....
#...#........##D...Y..Y
#...#.....##.....Y.....
###...#.....##....#.#....
.##...########..#.#.# ...
.##...####....#...#.#####
.####<..##....'...#(....#
...####.##....#.......#
...# #.##....#.......#


You could see a seven-headed hydra, 3 yaks and a bullfrog.

Vanquished Creatures
  Snorg (D:11)
  Josephine (D:10)
  2 two-headed ogres
  8 death yaks
  A manticore (D:11)
  2 ugly things (D:11)
  2 centaur zombies (D:11)
  Joseph (D:8)
  Maurice (D:8)
  2 gargoyles
  Maggie (D:8)
  3 trolls (D:11)
  Prince Ribbit (D:6)
  A shadow (D:11)
  5 wraiths
  2 wyverns
  11 yaks
  2 steam dragons (D:8)
  The ghost of Alvadar the Conjurer, an amateur HuCj of Vehumet (D:3)
  A water moccasin (D:10)
  4 orc warriors
  4 sky beasts
  3 ice beasts
  An eye of draining (D:7)
  4 phantoms
  A black bear (D:6)
  A necrophage (D:9)
  6 ogres
  8 centaurs
  6 bullfrogs
  A big kobold (D:10)
  2 wyvern zombies
  A water moccasin skeleton (D:8)
  6 scorpions
  4 killer bees
  4 wights (D:9)
  4 howler monkeys
  A bullfrog zombie (D:5)
  5 jellies
  4 hounds
  2 centaur skeletons
  11 orc priests
  18 orc wizards
  4 iguanas
  7 worker ants
  A killer bee zombie (D:7)
  A worker ant zombie (D:6)
  2 howler monkey skeletons
  3 gnolls (D:6)
  19 adders
  2 shadow imps
  3 white imps
  2 ufetubi
  An ooze (D:3)
  3 worms
  2 dart slugs (D:3)
  6 leopard geckos
  72 orcs
  2 ball pythons
  4 giant cockroaches
  13 goblins
  6 hobgoblins
  5 jackals
  2 quokkas
  A ball python skeleton (D:4)
  4 bats
  5 frilled lizards
  A jackal skeleton (D:5)
  8 kobolds
  2 quokka skeletons
  A quokka zombie (D:7)
  6 rats
338 creatures vanquished.

Vanquished Creatures (others)
  7 plants
7 creatures vanquished.

Grand Total: 345 creatures vanquished

Notes
Turn   | Place    | Note
-------+----------+-------------------------------------------
     0 | D:1      | ythm the Troll Hunter began the quest for the Orb.
     0 | D:1      | Reached XP level 1. HP: 19/19 MP: 0/0
   401 | D:1      | Reached skill level 1 in Unarmed Combat
   643 | D:1      | Reached XP level 2. HP: 27/27 MP: 1/1
   774 | D:2      | Reached skill level 2 in Unarmed Combat
   866 | D:2      | Reached XP level 3. HP: 33/33 MP: 2/2
   909 | D:2      | Reached skill level 3 in Unarmed Combat
  1030 | D:2      | Found a sacrificial altar of Ru.
  1243 | D:2      | Found a faded altar of an unknown god.
  1376 | D:2      | Reached skill level 4 in Unarmed Combat
  1376 | D:2      | Reached XP level 4. HP: 9/41 MP: 3/3
  1544 | D:3      | Noticed Alvadar's ghost (amateur HuCj)
  1547 | D:3      | Found a runed translucent door.
  1747 | D:3      | Reached XP level 5. HP: 48/48 MP: 4/4
  1909 | D:3      | Reached skill level 5 in Unarmed Combat
  2584 | D:4      | Reached XP level 6. HP: 45/55 MP: 5/5
  2590 | D:4      | Reached skill level 6 in Unarmed Combat
  2846 | D:4      | Reached skill level 7 in Unarmed Combat
  3027 | D:4      | Found a staircase to the Ecumenical Temple.
  3124 | D:4      | Reached XP level 7. HP: 48/62 MP: 6/6
  3178 | Temple   | Entered the Ecumenical Temple
  3888 | D:5      | Entered Level 5 of the Dungeon
  3906 | D:5      | Reached skill level 8 in Unarmed Combat
  4251 | D:5      | Reached skill level 9 in Unarmed Combat
  4270 | D:5      | Reached XP level 8. HP: 54/70 MP: 7/7
  4369 | D:5      | Reached skill level 10 in Unarmed Combat
  4798 | D:6      | Found a white marble altar of Elyvilon.
  4833 | D:6      | Noticed Prince Ribbit
  4850 | D:6      | Killed Prince Ribbit
  4851 | D:6      | Reached skill level 11 in Unarmed Combat
  5249 | D:6      | Reached XP level 9. HP: 25/79 MP: 8/8
  5482 | D:6      | Reached skill level 1 in Armour
  5482 | D:6      | Reached skill level 1 in Stealth
  5538 | D:6      | Found Puhyutz's Elemental Accessories.
  5885 | D:3      | Killed Alvadar's ghost
  6124 | D:7      | Identified the cursed +1 mace of a bazaar {venom, rF+
                  | Dex+3}
  6424 | D:7      | Reached skill level 12 in Unarmed Combat
  6770 | D:7      | Found a shimmering blue altar of Sif Muna.
  6967 | D:8      | Reached skill level 5 in Throwing
  7195 | D:8      | Reached XP level 10. HP: 89/92 MP: 9/9
  7339 | D:8      | Noticed Maurice
  7347 | D:8      | Killed Maurice
  7458 | D:8      | Noticed Maggie
  7471 | D:8      | Killed Maggie
  7475 | D:8      | Noticed Joseph
  7486 | D:8      | Killed Joseph
  7487 | D:8      | Reached skill level 13 in Unarmed Combat
  7800 | D:8      | Reached skill level 5 in Fighting
  8472 | D:9      | Identified the +6 quarterstaff of the Mosquito {elec,
                  | Stlth+}
  8642 | D:9      | Found an iron altar of Okawaru.
  8647 | D:9      | Noticed a two-headed ogre
  8653 | D:9      | Killed a two-headed ogre
  8654 | D:9      | Reached skill level 14 in Unarmed Combat
  8654 | D:9      | Reached XP level 11. HP: 71/102 MP: 10/10
  8660 | D:9      | Got an iridescent falchion
  8661 | D:9      | Identified the +5 falchion "Ozucen" {vorpal, rPois Str+2
                  | Int+4 Dex+2} (You found it on level 9 of the Dungeon)
  9246 | D:10     | Entered Level 10 of the Dungeon
  9246 | D:10     | Noticed a death yak
  9246 | D:10     | Noticed a death yak
  9247 | D:10     | Found a staircase to the Lair.
  9249 | D:10     | Noticed Josephine
  9329 | D:10     | Noticed a death yak
  9329 | D:10     | Noticed a death yak
  9330 | D:10     | Noticed a death yak
  9330 | D:10     | Noticed a death yak
  9330 | D:10     | Noticed a death yak
  9339 | D:10     | Noticed a death yak
  9348 | D:10     | Killed a death yak
  9356 | D:10     | Killed a death yak
  9377 | D:9      | Killed a death yak
  9486 | D:10     | Killed a death yak
  9490 | D:10     | Killed a death yak
  9497 | D:10     | Killed a death yak
  9498 | D:10     | Reached skill level 15 in Unarmed Combat
  9508 | D:10     | Killed a death yak
  9644 | D:9      | Killed a death yak
  9767 | D:10     | Killed Josephine
  9774 | D:10     | Reached XP level 12. HP: 77/111 MP: 11/11
  9980 | D:10     | Found a staircase to the Orcish Mines.
 10339 | D:10     | Found a radiant altar of Vehumet.
 10597 | D:11     | Noticed a two-headed ogre
 10682 | D:10     | Killed a two-headed ogre
 10683 | D:10     | Reached skill level 16 in Unarmed Combat
 10803 | D:11     | Noticed Snorg
 10811 | D:11     | Killed Snorg
 10854 | D:11     | Found Jenur's Assorted Antiques.
 10878 | D:11     | Bought a potion of heal wounds for 185 gold pieces
 11388 | D:11     | Noticed a six-headed hydra
 11401 | D:11     | HP: 1/113 [seven-headed hydra (10)]
 11401 | D:11     | Mangled by a seven-headed hydra

Illustrated notes

Levels and vault maps discovered:
D:1:      ebering_hopf_link, layout_basic
D:2:      layout_basic, chequers_ecumenical_altar_simple_redux,
          serial_park_tiny_1, nicolae_ru_awakened_eye
D:3:      layout_loops_corners, serial_bayou, serial_bayou_shore_a,
          serial_bayou_pond_e, serial_bayou_crossing, serial_bayou_pond_a,
          hellmonk_ghost_happy_afterlife, grunt_ministairs_12, st_stairs_5,
          wad_floor_pattern_untrapped, minmay_misc_feat_diagonals
D:4:      layout_basic, minmay_temple_entry_glassed_door,
          minmay_misc_feat_doors, guppyfry_early_lair_pool
D:5:      layout_loops_ring
D:6:      layout_basic, elyvilon_altar_1, nicolae_elemental_shop, corexii_shack,
          uniq_prince_ribbit1
D:7:      layout_rooms, led_sif_book
D:8:      layout_gridville, hangedman_misty_isle, uniq_joseph, uniq_maggie,
          uniq_maurice
D:9:      layout_loops_cross, okawaru_ov_weapons_minmay
D:10:     layout_basic, dpeg_lair_monsters, david_orc_3, basic_altar,
          uniq_josephine
D:11:     layout_basic, serial_shops, shop, uniq_snorg
Temple:   regret_index_temple_sigil_plot

Skill      XL: |  1  2  3  4  5  6  7  8  9 10 11 12 |
---------------+-------------------------------------+-----
Unarmed Combat | 1 2 4 5 7 9 11 12 14 15 16 | 16.6
Fighting       | 3 5 |  5.9
Dodging        | 2 |  2.0
Armour         | 1 |  1.0
Stealth        | 1 |  1.0
Throwing       | 5 7 8 9 |  9.0

Action                   |  1- 3 |  4- 6 |  7- 9 | 10-12 || total
-------------------------+-------+-------+-------+-------++-------
Melee: Unarmed           |    99 |   175 |   287 |   398 ||   959
       Short sword       |     5 |       |       |       ||     5
       Punch             |       |     3 |    15 |    32 ||    50
Throw: Large rock        |       |       |       |    13 ||    13
       Throwing net      |       |       |       |     1 ||     1
Evoke: Wand              |       |       |     1 |     1 ||     2
  Use: Scroll            |       |     8 |     3 |    14 ||    25
       Potion            |       |       |     4 |     1 ||     5
 Stab: Sleeping          |       |     1 |       |     1 ||     2
       Distracted        |       |       |     1 |       ||     1
       Invisible         |       |       |       |     1 ||     1
Armor: Robe              |    34 |    39 |    91 |       ||   164
       Steam dragon scal |       |       |       |   111 ||   111
Dodge: Dodged            |    53 |    73 |   123 |   152 ||   401
